 Dungeon Crawl Stone Soup version 0.21.1-1-g345015f (webtiles) character file.

396 warwik96 the Ruffian (level 6, 0/62 HPs)
             Began as a Troll Monk on Mar 15, 2018.
             Slain by Edmund
             ... wielding a +2 dire flail of venom
              (8 damage)
             ... on level 4 of the Dungeon on May 2, 2018.
             The game lasted 00:06:14 (2389 turns).

warwik96 the Ruffian (Troll Monk)                   Turns: 2389, Time: 00:06:17

Health: 0/62       AC:  5    Str: 20    XL:     6   Next: 52%
Magic:  5/5        EV: 11    Int:  6    God:
Gold:   143        SH:  0    Dex: 14    Spells: 5/5 levels left

rFire    . . .     SeeInvis .     - Unarmed
rCold    . . .     Gourm    +   (no shield)
rNeg     . . .     Faith    .   c - +0 robe (curse)
rPois    .         Spirit   .   (helmet restricted)
rElec    .         Reflect  .   (no cloak)
rCorr    .         Harm     .   (gloves unavailable)
MR       .....                  (boots unavailable)
Stlth    +.........             (no amulet)
HPRegen  0.60/turn              (no ring)
MPRegen  0.09/turn              (no ring)

@: confused, lethally poisoned (0 -> -16)
A: large, unfitting armour, claws 3, fast metabolism 3, gourmand, regeneration
1, shaggy fur 1, tough skin 2
a: no special abilities


You were on level 4 of the Dungeon.
You were not hungry.

You visited 1 branch of the dungeon, and saw 4 of its levels.

You collected 143 gold pieces.

Inventory:

Armour
 a - a +0 robe
 c - a cursed +0 robe (worn)
Wands
 q - a wand of flame (4)
Scrolls
 d - a scroll of blinking {unknown}
 e - 3 scrolls of identify {unknown}
 i - 2 scrolls of remove curse {unknown}
 k - a scroll of noise {unknown}
 l - 3 scrolls of fog {unknown}
 m - a scroll of magic mapping {unknown}
 n - a scroll of teleportation {unknown}
 t - a scroll of immolation {unknown}
Potions
 f - 2 potions of lignification {unknown}
 g - 2 potions of might {unknown}
 h - 2 potions of heal wounds {unknown}
 j - a potion of mutation {unknown}
 o - 2 potions of ambrosia {unknown}
 p - a potion of flight {unknown}
 r - 2 potions of degeneration {unknown}
 s - a potion of agility {unknown}
Comestibles
 b - 4 rations


   Skills:
 + Level 3.7 Fighting
 + Level 3.6 Dodging
 - Level 1.0 Stealth
 * Level 5.6 Unarmed Combat


You had 5 spell levels left.
You didn't know any spells.

Dungeon Overview and Level Annotations

Branches:
Dungeon (4/15)
 Temple: D:4-7

Altars:
Elyvilon

Annotations:
D:3 2 transporters, 1 runed door
D:4 Edmund, Sigmund


Innate Abilities, Weirdness & Mutations

You are too large for most types of armour.
You have claws for hands.
Your metabolism is lightning-fast.
You like to eat raw meat.
Your natural rate of healing is unusually fast.
You are covered in fur. (AC +1)
You have very tough skin. (AC +2)


Message History

Something completely misses you.
You scratch Edmund.
Edmund is almost dead.
You feel very sick.
Edmund drinks a potion.
Edmund is healed!
You scratch Edmund but do no damage.
Edmund is severely wounded.
* * * LOW HITPOINT WARNING * * *
You feel sick.
You hear some strange, mumbled words.
You are confused.
Edmund closely misses you.
You claw Edmund!
Edmund is almost dead.
* * * LOW HITPOINT WARNING * * *
You feel very sick. Something hits you!
* * * LOW HITPOINT WARNING * * *
Edmund hits you with a dire flail of venom!
You die...

. # #.### # #.......#
.### #.#.#.#.# ...
#..#..... # ..#.
#.#.#.#.# #.######..#.#
#........
#......@..#.###.#......
#.##..@...(............
#........##.###.#.#....
#.##.######.# #..#.....
#.##.######.###.#.#.#..
#..................#...
####....###.###.#.#.#.#
#.........# #........
#.......### #####.###
#...†...# #.#


You could see Edmund.

Vanquished Creatures
  A bullfrog (D:3)
  A scorpion (D:4)
  A howler monkey (D:4)
  A jelly (D:2)
  Natasha (thrice) (D:2)
  8 adders
  A worm (D:4)
  A dart slug (D:2)
  2 leopard geckos (D:3)
  5 orcs
  7 bats
  2 giant cockroaches
  9 goblins
  6 hobgoblins
  4 jackals
  2 quokkas
  A ball python (D:2)
  6 kobolds
  4 rats
65 creatures vanquished.

Notes
Turn   | Place    | Note
-------+----------+-------------------------------------------
     0 | D:1      | warwik96 the Troll Monk began the quest for the Orb.
     0 | D:1      | Reached XP level 1. HP: 22/22 MP: 0/0
   308 | D:1      | Reached XP level 2. HP: 29/29 MP: 1/1
  1023 | D:2      | Reached XP level 3. HP: 36/36 MP: 2/2
  1107 | D:2      | Noticed Natasha
  1116 | D:2      | Killed Natasha
  1216 | D:2      | Found a white marble altar of Elyvilon.
  1219 | D:2      | Reached skill level 4 in Unarmed Combat
  1282 | D:2      | Reached XP level 4. HP: 44/44 MP: 3/3
  1541 | D:2      | Noticed Natasha
  1552 | D:2      | Killed Natasha
  1596 | D:2      | Reached XP level 5. HP: 53/53 MP: 4/4
  1619 | D:2      | Noticed Natasha
  1626 | D:2      | Killed Natasha
  1825 | D:3      | Found a transporter.
  1950 | D:3      | Found a runed door.
  2049 | D:3      | Reached skill level 5 in Unarmed Combat
  2049 | D:3      | Reached XP level 6. HP: 55/61 MP: 5/5
  2148 | D:3      | Found a transporter.
  2375 | D:4      | Noticed Edmund
  2376 | D:4      | Noticed Sigmund
  2389 | D:4      | Slain by Edmund

Skill      XL: |  1  2  3  4  5 |
---------------+----------------+-----
Unarmed Combat | 4 5 |  5.6
Fighting       | 3 |  3.7
Dodging        | 3 |  3.6
Stealth        | |  1.0

Action                   |  1- 3 |  4- 6 || total
-------------------------+-------+-------++-------
Melee: Unarmed           |    78 |   118 ||   196
       Punch             |       |     3 ||     3
 Stab: Sleeping          |       |     3 ||     3
  Eat: Chunk             |    10 |     9 ||    19
       Ration            |       |     1 ||     1
Armor: Robe              |    35 |    37 ||    72
Dodge: Dodged            |    39 |    62 ||   101
